 Dungeon Crawl Stone Soup version 0.27.1-34-g3ba077fa99 (webtiles) character file.

Game seed: 9093063947127883751

75 Akaron the Skirmisher (level 4, -1/49 HPs)
             Began as an Ogre Berserker on Jan 22, 2022.
             Was a Believer of Trog.
             Slain by Terence (5 damage)
             ... on level 2 of the Dungeon.
             The game lasted 00:02:31 (1391 turns).

Akaron the Skirmisher (Ogre Berserker)              Turns: 1391, Time: 00:02:32

Health: -1/49      AC:  3    Str: 21    XL:     4   Next: 31%
Magic:  0/4        EV: 10    Int:  8    God:    Trog [**....]
Gold:   21         SH:  0    Dex:  9    Spells: 3/3 levels left

rFire    . . .     SeeInvis .   a - +0 hand axe
rCold    . . .     Faith    .   (no shield)
rNeg     . . .     Spirit   .   b - +0 animal skin
rPois    .         Reflect  .   (helmet restricted)
rElec    .         Harm     .   (no cloak)
rCorr    .         Rampage  .   (gloves unavailable)
Will     .....                  (boots unavailable)
Stlth    +.........             (no amulet)
HPRegen  0.16/turn              (no ring)
MPRegen  0.09/turn              (no ring)

@: on berserk cooldown, slowed, very slow
A: large, unfitting armour, tough skin 1
a: Renounce Religion, Berserk, Trog's Hand


You were on level 2 of the Dungeon.
You worshipped Trog.
Trog was pleased with you.
You visited 1 branch of the dungeon, and saw 2 of its levels.

You collected 21 gold pieces.

Inventory:

Hand Weapons
 a - a +0 hand axe (weapon)
Armour
 b - a +0 animal skin (worn)
Scrolls
 d - a scroll of identify {unknown}
 f - 3 scrolls of enchant weapon {unknown}
Potions
 c - a potion of mutation {unknown}
 e - 3 potions of haste {unknown}
 g - a potion of cancellation {unknown}


   Skills:
 + Level 4.7 Fighting
 + Level 4.1 Axes
 + Level 3.2 Dodging


You had 3 spell levels left.
You didn't know any spells.
Your spell library was empty.

Dungeon Overview and Level Annotations

Branches:
Dungeon (2/15)

Altars:

Annotations:
D:2 Terence


Innate Abilities, Weirdness & Mutations

You are too large for most types of armour.
You have tough skin. (AC +1)


Message History

You have reached level 4!
You are too injured to fight recklessly!
You are too injured to fight recklessly!
Unknown command.
You are too injured to fight recklessly!
You are too injured to fight recklessly!
You barely miss Terence. You closely miss the gnoll.
You closely miss the hobgoblin. The hobgoblin hits you.
You closely miss Terence. You closely miss the hobgoblin. You slash the gnoll!
You kill the gnoll!
Trog accepts your kill.
Terence hits you with a +2 antimagic hand axe.
You feel your power leaking away. The hobgoblin hits you.
* * * LOW HITPOINT WARNING * * *
You closely miss Terence. You hit the hobgoblin.
You kill the hobgoblin!
Trog accepts your kill. Terence barely misses you.
You slash Terence!
Terence is heavily wounded.
Terence hits you with a +2 antimagic hand axe.
* * * LOW HITPOINT WARNING * * *
You hit Terence but do no damage.
Terence is heavily wounded.
You are no longer berserk.
You are exhausted.
You feel yourself slow down.
Terence hits you with a +2 antimagic hand axe.
* * * LOW HITPOINT WARNING * * *
You hit Terence but do no damage.
Terence is heavily wounded.
Terence asks, "Do you want it fast or slow?"
Terence hits you with a +2 antimagic hand axe.
* * * LOW HITPOINT WARNING * * *
You hit Terence but do no damage.
Terence is heavily wounded.
Terence closely misses you.
Terence hits you with a +2 antimagic hand axe.
You die...

..####.##..# ..#
#.###.#.#........##
###
#.##..#...........#
#.##..##.#........#
#.##...#.....⌠.....
#....#.##........#.
#....#.##..........
.....#.#..##.@).....#
####.#.##.##$@#...#
#... #..##.†.# ##
##..#.### ##.#.######
#..........
###########


You could see Terence.

Vanquished Creatures
  3 gnolls (D:2)
  A dart slug (D:2)
  5 endoplasms
  A giant cockroach (D:1)
  4 goblins (D:1)
  5 hobgoblins
  2 jackals (D:1)
  2 kobolds (D:1)
  5 quokkas
  A ball python (D:1)
  4 bats
  4 frilled lizards
  3 rats (D:1)
40 creatures vanquished.

Vanquished Creatures (others)
  A plant (D:1)
1 creature vanquished.

Grand Total: 41 creatures vanquished

Notes
Turn   | Place    | Note
-------+----------+-------------------------------------------
     0 | D:1      | Akaron the Ogre Berserker began the quest for the Orb.
     0 | D:1      | Reached XP level 1. HP: 24/24 MP: 1/1
   150 | D:1      | Reached XP level 2. HP: 32/32 MP: 2/2
   315 | D:1      | Found a faded altar of an unknown god.
   553 | D:1      | Reached XP level 3. HP: 39/40 MP: 3/3
   726 | D:1      | Reached ** piety under Trog
  1375 | D:2      | Noticed Terence
  1385 | D:2      | Reached XP level 4. HP: 30/49 MP: 4/4
  1391 | D:2      | Slain by Terence

Illustrated notes

Levels and vault maps discovered:
D:1:      dpeg_arrival_three_bigger_balls, layout_basic,
          shapermc_ecumenical_altar_mp_highgroup, minmay_misc_feat_plants,
          serial_bayou_lagoon_a, chequers_serial_rivers_micro_c
D:2:      minmay_skewed_foursquare, layout_rooms, uniq_terence

Skill      XL: |  1  2  3 |
---------------+----------+-----
Dodging        | 3 |  3.2
Axes           | 4 |  4.1
Fighting       | |  4.7

Action                   |  1- 3 |  4- 6 || total
-------------------------+-------+-------++-------
Melee: Hand axe          |   110 |     7 ||   117
Invok: Berserk           |     1 |       ||     1
Armor: Animal skin       |    47 |       ||    47
Dodge: Dodged            |    64 |     2 ||    66
